General information
			
			
        
        - name: BNet
 
        - type: Ladder 1vs1/FFA
 
        - host: Battle.net
 
        - saver: whentreesattack
 
        
map: GnollWood 
        - players: 2
 
        - length: 19:33
 
        - speed: Fast
 - version: 1.22 W3XP
 - replay type:  Public
 
» download(66 KB)
Players
        team 1 (loser) 
              
              
Sacredrelicc. (
orange | 66 APM | 1297 actions | 19:32)
              
 3 Archmage 
 2 Blizzard
 1 Brilliance Aura
 
                » actions 
                
                | Assign group hotkey | 24 |  | 
| Basic commands | 50 |  | 
| Build / train | 70 |  | 
| ESC pressed | 10 |  | 
| Enter build submenu | 42 |  | 
| Enter hero's abilities submenu | 3 |  | 
| Right click | 543 |  | 
| Select / deselect | 345 |  | 
| Select group hotkey | 37 |  | 
| Use ability | 173 |  | 
                1297 total
 » units 
                
                | Peasant | 21 |  | 
| Footman | 6 |  | 
| Mortar Team | 22 |  | 
| Sorceress | 2 |  | 
                51 total
 » upgrades
                
                | Masonry | 2 |  | 
| Gunpowder | 2 |  | 
| Sorceress Training | 1 |  | 
| Lumber Harvesting | 1 |  | 
| Magic Sentry | 1 |  | 
                7 total
 » buildings
                
                | Altar of Kings | 1 |  | 
| Farm | 11 |  | 
| Scout Tower | 16 |  | 
| Barracks | 1 |  | 
| Arcane Tower | 1 |  | 
| Lumber Mill | 1 |  | 
| Guard Tower | 3 |  | 
| Keep | 1 |  | 
| Blacksmith | 1 |  | 
| Town Hall | 1 |  | 
| Workshop | 2 |  | 
| Arcane Sanctum | 1 |  | 
                40 total
 » build order
                00:10 Altar of Kings
00:41 Farm
01:08 Scout Tower
01:43 Barracks
01:45 Farm
03:11 Farm
04:58 Scout Tower
05:00 Scout Tower
05:03 Scout Tower
05:05 Scout Tower
05:06 Scout Tower
05:27 Arcane Tower
05:32 Lumber Mill
05:56 Guard Tower
07:00 Keep
07:12 Blacksmith
10:09 Town Hall
10:32 Workshop
10:33 Workshop
10:36 Arcane Sanctum
10:42 Farm
10:43 Farm
10:48 Scout Tower
10:55 Scout Tower
10:56 Scout Tower
11:59 Farm
12:02 Guard Tower
12:09 Scout Tower
14:24 Farm
14:25 Farm
14:26 Farm
14:28 Farm
14:31 Farm
15:08 Guard Tower
17:05 Scout Tower
17:08 Scout Tower
17:08 Scout Tower
17:09 Scout Tower
17:13 Scout Tower
17:19 Scout Tower
» items
                
                | Boots of Speed | 1 |  | 
| Staff of Teleportation | 1 |  | 
                2 total
  
               team 2 (winner) 
              
              
whentreesattack (
green | 108 APM | 2115 actions | 19:33)
              
 4 Dreadlord 
 2 Sleep
 2 Vampiric Aura
 3 Death Knight 
 2 Death Coil
 1 Unholy Aura
 
                » actions 
                
                | Assign group hotkey | 30 |  | 
| Basic commands | 132 |  | 
| Build / train | 55 |  | 
| Enter build submenu | 21 |  | 
| Enter hero's abilities submenu | 7 |  | 
| Give item / drop item | 5 |  | 
| Right click | 898 |  | 
| Select / deselect | 255 |  | 
| Select group hotkey | 671 |  | 
| Use ability | 41 |  | 
                2115 total
 » units 
                
                | Acolyte | 11 |  | 
| Ghoul | 14 |  | 
| Obsidian Statue | 3 |  | 
| Gargoyle | 3 |  | 
                31 total
 » upgrades
                
                | Ghoul Frenzy | 1 |  | 
| Destroyer Form | 1 |  | 
| Unholy Strength | 1 |  | 
                3 total
 » buildings
                
                | Crypt | 2 |  | 
| Altar of Darkness | 1 |  | 
| Ziggurat | 6 |  | 
| Tomb of Relics | 1 |  | 
| Halls of the Dead | 4 |  | 
| Graveyard | 1 |  | 
| Slaughterhouse | 1 |  | 
| Sacrificial Pit | 1 |  | 
| Black Citadel | 2 |  | 
| Necropolis | 3 |  | 
                22 total
 » build order
                00:06 Crypt
00:09 Altar of Darkness
00:32 Ziggurat
00:51 Tomb of Relics
01:17 Ziggurat
04:21 Halls of the Dead
04:21 Halls of the Dead
04:45 Graveyard
05:21 Ziggurat
06:03 Ziggurat
07:24 Slaughterhouse
07:38 Sacrificial Pit
08:40 Black Citadel
08:40 Black Citadel
10:20 Ziggurat
13:30 Crypt
14:53 Necropolis
15:53 Necropolis
16:04 Ziggurat
17:12 Halls of the Dead
17:12 Halls of the Dead
19:20 Necropolis
» items
                
                | Rod of Necromancy | 1 |  | 
| Scroll of Healing | 1 |  | 
| Scroll of Protection | 1 |  | 
                3 total
  
                Chat log
          (00:27 / All) whentreesattack: hi!
(00:30 / All) Sacredrelicc.: hey!
(00:34 / All) whentreesattack: from?
(00:38 / All) Sacredrelicc.: Toronto
(00:40 / All) whentreesattack: cool
(00:53 / All) Sacredrelicc.: u?
(01:01 / All) whentreesattack: ny
(01:12 / All) Sacredrelicc.: cool
(02:45 / All) Sacredrelicc.: aW SHIT
(03:03 / All) Sacredrelicc.: no exp ? 
(03:12 / All) whentreesattack: :)
(03:40 / All) Sacredrelicc.: u bitch
(03:42 / All) Sacredrelicc.: =)
(03:43 / All) whentreesattack: :(
(03:51 / All) Sacredrelicc.: cock meat sandwich
(04:50 / All) Sacredrelicc.: BYE
(06:07 / All) Sacredrelicc.: why do u micro if ur 6-12 u abuse?
(08:42 / All) Sacredrelicc.: gaye
(08:44 / All) Sacredrelicc.: D
(11:53 / All) Sacredrelicc.: wtf glitch.
(11:56 / All) Sacredrelicc.: i tped
(14:14 / All) Sacredrelicc.: hacker
(15:40 / All) Sacredrelicc.: FUCK SHADES
(16:08 / All) Sacredrelicc.: riofl
(16:09 / All) Sacredrelicc.: rofl
(16:11 / All) Sacredrelicc.: that was jokes yeah?
(16:35 / All) Sacredrelicc.: ur a faggot
(16:39 / All) Sacredrelicc.: u know that?
(18:11 / All) Sacredrelicc.: siure ur not a hacker at all
(19:25 / All) Sacredrelicc.: UR A FAGGOT THX FOR WASTING MY TIME
(19:28 / All) Sacredrelicc.: GO ABYUSE MORE
(19:30 / All) Sacredrelicc.: TO PLAY SCRUBS
(19:31 / All) Sacredrelicc.: GET A LIFE